 Dungeon Crawl Stone Soup version 0.23.2-40-g277498a001 (webtiles) character file.

Game seed: 6250282165316312445

13059 DenSaoPin the Cleaver (level 11, -51/102 HPs)
             Began as a Minotaur Fighter on Oct 6, 2019.
             Was a High Priest of Okawaru.
             Annihilated by a titanic slime creature (115 damage)
             ... on level 12 of the Dungeon.
             The game lasted 00:32:55 (11650 turns).

DenSaoPin the Cleaver (Minotaur Fighter)           Turns: 11650, Time: 00:32:56

Health: -51/102    AC: 19    Str: 22    XL:     11   Next: 70%
Magic:  5/10       EV:  6    Int: 10    God:    Okawaru [*****.]
Gold:   660        SH: 12    Dex: 12    Spells: 10/10 levels left

rFire    . . .     SeeInvis .   a - +0 war axe
rCold    . . .     Gourm    .   c - +0 shield
rNeg     . . .     Faith    .   Q - +0 plate armour
rPois    .         Spirit   .   (helmet restricted)
rElec    .         Reflect  .   M - +1 cloak
rCorr    .         Harm     +   (no gloves)
MR       .....                  P - +0 pair of boots
Stlth    ..........             A - amulet of harm
HPRegen  0.27/turn              E - ring of attention
MPRegen  0.12/turn              J - +5 ring of intelligence

@: finesse
A: retaliatory headbutt, horns 2
a: Heroism, Finesse, Renounce Religion


You were on level 12 of the Dungeon.
You worshipped Okawaru.
Okawaru was extremely pleased with you.
You were not hungry.

You visited 2 branches of the dungeon, and saw 13 of its levels.

You collected 660 gold pieces.

Inventory:

Hand Weapons
 a - a +0 war axe (weapon)
 s - a +0 club
 t - a cursed -3 flail
 C - a +1 flail of holy wrath
 I - a +3 flail of draining
 L - a +3 quarterstaff of chaos
Missiles
 q - 6 large rocks
Armour
 b - the +1 chain mail "Vowunom" {Dex+2}
   (You found it on level 9 of the Dungeon)

   It affects your dexterity (+2).
 c - a +0 shield (worn)
 j - a cursed +0 leather armour
 x - a +1 chain mail of cold resistance
 y - a +0 shield
 M - a +1 cloak (worn)
 P - a +0 pair of boots (worn)
 Q - a +0 plate armour (worn)
 S - a +1 ring mail of positive energy
Jewellery
 r - an uncursed amulet of rage
 A - an amulet of harm (around neck)
 E - a ring of attention (left hand)
 J - a +5 ring of intelligence (right hand)
 W - a +3 ring of evasion
Wands
 p - a wand of flame (26)
 w - a wand of scattershot (7)
 H - a wand of digging (12)
 R - a wand of polymorph (5)
 T - a wand of clouds (5)
 V - a wand of random effects (13)
Scrolls
 e - a scroll of fog
 g - 5 scrolls of teleportation
 h - 10 scrolls of identify
 k - 2 scrolls of fear
 m - a scroll of magic mapping
 o - 3 scrolls of blinking
 u - a scroll of enchant armour
 D - 6 scrolls of remove curse
 N - 4 scrolls of enchant weapon {unknown}
 O - 3 scrolls of amnesia {unknown}
 Y - a scroll of immolation {unknown}
Potions
 d - 4 potions of might
 i - 7 potions of curing {unknown}
 l - 2 potions of invisibility
 n - 3 potions of heal wounds {unknown}
 v - 2 potions of mutation {unknown}
 z - a potion of berserk rage {unknown}
 B - 2 potions of magic {unknown}
 F - 2 potions of lignification {unknown}
 G - 2 potions of haste {unknown}
 U - 2 potions of brilliance {unknown}
Comestibles
 f - 12 rations


   Skills:
 - Level 11.2 Fighting
 * Level 14.0 Axes
 + Level 11.3 Armour
 + Level 9.3 Shields


You had 10 spell levels left.
You didn't know any spells.
Your spell library contained the following spells:

 Spells                   Type           Power        Failure   Level  Hunger
 Confusing Touch          Hex            #.....       100%        1    ##.....
 Sandblast                Erth           #.....       100%        1    ##.....
 Passwall                 Tmut/Erth      #.......     100%        2    ###....
 Confuse                  Hex            #.......     100%        3    ####...
 Gell's Gravitas          Tloc           #.........   100%        3    ####...
 Stone Arrow              Conj/Erth      #.....       100%        3    ####...
 Petrify                  Tmut/Erth      #.......     100%        4    #####..
 Lee's Rapid Deconstruct  Erth           #.........   100%        5    ######.
 Metabolic Englaciation   Hex/Ice        #.........   100%        5    ######.
 Yara's Violent Unravell  Hex/Tmut       #.........   100%        5    ######.


Dungeon Overview and Level Annotations

Branches:
Dungeon (12/15)            Temple (1/1) D:6            Lair (0/6) D:11
    Orc (0/2) D:11

Altars:
Cheibriados
Elyvilon
Gozag
Hepliaklqana
Kikubaaqudgha
Makhleb
Nemelex Xobeh
Okawaru
Ru
Sif Muna
Trog
Vehumet
Xom
Yredelemnul
Zin
The Shining One

Shops:
D:8 }


Innate Abilities, Weirdness & Mutations

You reflexively headbutt those who attack you in melee.
You have a pair of horns on your head.


Message History

The titanic slime creature is lightly wounded.
An orc comes into view. It is wielding a +0 war axe.
The titanic slime creature hits you!!
You barely miss the titanic slime creature.
You headbutt the titanic slime creature.
The titanic slime creature is lightly wounded.
You slash the titanic slime creature!
You headbutt the titanic slime creature.
The titanic slime creature is moderately wounded.
Your plate armour prevents you from hitting the titanic slime creature.
The titanic slime creature is moderately wounded.
You block the titanic slime creature's attack.
You slash the titanic slime creature!
You headbutt the titanic slime creature!
The titanic slime creature is moderately wounded.
You completely miss the titanic slime creature.
The titanic slime creature is moderately wounded.
The titanic slime creature hits you!!!!
Ouch! That really hurt!
You die...

############
...........#
#.........# #
.........# ... .......
#...o######..########
....ooYJJ@...........
.###.#######..########
#...............
.........^......
#....###.#####..
.........#
#######..#####
#...........#
.........##.#


You could see a titanic slime creature, a slime creature, a yak, an orc warrior
and 2 orcs.

Vanquished Creatures
  Erolcha (D:9)
  A two-headed ogre (D:9)
  An unseen horror (D:12)
  Pikel (D:8)
  An ugly thing (D:11)
  A cyclops (D:10)
  Psyche (D:8)
  4 trolls
  Prince Ribbit (D:5)
  A slime creature (D:12)
  2 hippogriffs
  A shadow (D:12)
  A wyvern (D:11)
  9 yaks
  A spriggan (D:11)
  2 hungry ghosts
  Edmund (D:5)
  A water moccasin (D:10)
  Duvessa (D:6)
  A sky beast (D:7)
  5 ice beasts
  6 orc warriors
  2 slaves (D:8)
  An eye of draining (D:12)
  5 ogres
  A phantom (D:10)
  3 wolves (D:11)
  7 bullfrogs
  Blork the orc (D:5)
  3 scorpions
  Dowan (D:6)
  3 killer bees (D:11)
  2 howler monkeys
  4 electric eels (D:11)
  3 crimson imps
  2 centaur zombies
  A quasit (D:7)
  2 bullfrog zombies
  3 jellies
  Crazy Yiuf (D:5)
  11 hounds
  10 orc wizards
  8 orc priests
  4 centaur skeletons
  Ijyb (D:3)
  2 iguanas
  6 worker ants
  A hound zombie (D:5)
  3 hound skeletons
  Robin (D:4)
  A worker ant zombie (D:9)
  10 gnolls
  10 adders
  3 shadow imps
  An adder zombie (D:9)
  An adder skeleton (D:4)
  6 worms
  2 dart slugs
  2 leopard geckos
  35 orcs
  8 giant cockroaches
  15 goblins
  12 hobgoblins
  6 jackals (D:2)
  5 quokkas
  A ball python (D:3)
  9 bats
  7 frilled lizards
  A jackal skeleton (D:4)
  9 kobolds
  A leopard gecko skeleton (D:6)
  A quokka skeleton (D:5)
  10 rats
292 creatures vanquished.

Vanquished Creatures (others)
  A slave (D:8)
  An orc wizard (D:8)
  An iron imp (D:8)
  A leopard gecko (D:8)
4 creatures vanquished.

Grand Total: 296 creatures vanquished

Notes
Turn   | Place    | Note
-------+----------+-------------------------------------------
     0 | D:1      | DenSaoPin the Minotaur Fighter began the quest for the Orb.
     0 | D:1      | Reached XP level 1. HP: 19/19 MP: 0/0
   155 | D:1      | Reached XP level 2. HP: 24/27 MP: 1/1
   656 | D:2      | Reached skill level 3 in Axes
   661 | D:2      | Reached XP level 3. HP: 20/33 MP: 2/2
  1305 | D:2      | Reached XP level 4. HP: 40/40 MP: 3/3
  1760 | D:3      | Reached XP level 5. HP: 28/47 MP: 4/4
  2172 | D:3      | Reached skill level 4 in Axes
  2179 | D:3      | Found a shimmering altar of Xom.
  2233 | D:3      | Noticed Ijyb
  2248 | D:3      | Killed Ijyb
  2248 | D:3      | Reached skill level 5 in Fighting
  2248 | D:3      | Reached skill level 5 in Armour
  2248 | D:3      | Reached skill level 5 in Shields
  2481 | D:3      | Found a white marble altar of Elyvilon.
  2736 | D:4      | Noticed Robin
  2749 | D:4      | Reached XP level 6. HP: 41/56 MP: 5/5
  2762 | D:4      | Killed Robin
  3858 | D:4      | Reached skill level 5 in Axes
  3858 | D:4      | Reached XP level 7. HP: 47/62 MP: 6/6
  4118 | D:5      | Entered Level 5 of the Dungeon
  4252 | D:5      | Noticed Prince Ribbit
  4375 | D:5      | Found a runed translucent door.
  4376 | D:5      | Noticed Crazy Yiuf
  4428 | D:5      | Reached skill level 6 in Axes
  4429 | D:5      | Noticed Edmund
  4441 | D:5      | Killed Edmund
  4463 | D:5      | Reached XP level 8. HP: 56/73 MP: 7/7
  4621 | D:5      | Reached skill level 7 in Axes
  4808 | D:5      | Killed Prince Ribbit
  4888 | D:5      | Noticed Blork the orc
  4900 | D:5      | Killed Blork the orc
  5336 | D:5      | Killed Crazy Yiuf
  5521 | D:6      | Reached skill level 8 in Axes
  5521 | D:6      | Noticed Duvessa
  5525 | D:6      | Noticed Dowan
  5544 | D:6      | Killed Dowan
  5549 | D:6      | Killed Duvessa
  5997 | D:6      | Found a glowing golden altar of the Shining One.
  6002 | D:6      | Reached skill level 9 in Axes
  6174 | D:6      | Found a staircase to the Ecumenical Temple.
  6187 | Temple   | Entered the Ecumenical Temple
  6197 | Temple   | Became a worshipper of Warmaster Okawaru
  6289 | D:7      | Reached XP level 9. HP: 84/84 MP: 8/8
  6700 | D:7      | Reached skill level 10 in Fighting
  7092 | D:8      | Noticed Pikel
  7100 | D:8      | Killed Pikel
  7100 | D:8      | Reached * piety under Okawaru
  7100 | D:8      | Reached skill level 10 in Axes
  7368 | D:8      | Reached ** piety under Okawaru
  7495 | D:8      | Found Agos's Gadget Shop.
  7592 | D:8      | Found a snail-covered altar of Cheibriados.
  7624 | D:8      | Noticed Psyche
  7630 | D:8      | Killed Psyche
  8005 | D:9      | Found a glowing silver altar of Zin.
  8068 | D:9      | Found an opulent altar of Gozag.
  8114 | D:9      | Noticed Erolcha
  8114 | D:9      | Paralysed by Erolcha for 3 turns
  8121 | D:9      | Killed Erolcha
  8121 | D:9      | Reached *** piety under Okawaru
  8121 | D:9      | Reached XP level 10. HP: 79/96 MP: 9/9
  8141 | D:9      | Reached skill level 11 in Axes
  8196 | D:9      | Noticed a two-headed ogre
  8203 | D:9      | Killed a two-headed ogre
  8531 | D:9      | Reached **** piety under Okawaru
  8603 | D:9      | Found a deep blue altar of Sif Muna.
  8885 | D:9      | Got a shimmering chain mail
  9026 | D:10     | Entered Level 10 of the Dungeon
  9263 | D:10     | Reached skill level 12 in Axes
  9263 | D:10     | Reached skill level 10 in Armour
  9424 | D:10     | Noticed a cyclops
  9436 | D:10     | Killed a cyclops
  9436 | D:10     | Reached ***** piety under Okawaru
  9794 | D:10     | Reached XP level 11. HP: 102/102 MP: 10/10
 10302 | D:11     | Found a staircase to the Lair.
 10323 | D:11     | Reached skill level 13 in Axes
 10459 | D:11     | Received a gift from Okawaru
 10473 | D:11     | Identified the cursed +1 chain mail "Vowunom" {Dex+2} (You
                  | found it on level 9 of the Dungeon)
 10612 | D:11     | Found a gate leading to a gauntlet.
 10798 | D:11     | Noticed a purple ugly thing
 10807 | D:11     | Killed a purple ugly thing
 10941 | D:11     | Found a staircase to the Orcish Mines.
 11390 | D:12     | Killed an unseen horror
 11603 | D:12     | Reached skill level 14 in Axes
 11624 | D:12     | Paralysed by fainting for 7 turns
 11650 | D:12     | Annihilated by a titanic slime creature

Skill      XL: |  1  2  3  4  5  6  7  8  9 10 11 |
---------------+----------------------------------+-----
Armour         | 4 5 6 9 10 11 | 11.3
Fighting       | 4 5 7 9 11 | 11.2
Axes           | 3 4 5 6 9 10 12 14 | 14.0
Shields        | 4 5 7 9 |  9.3

Action                   |  1- 3 |  4- 6 |  7- 9 | 10-12 || total
-------------------------+-------+-------+-------+-------++-------
Melee: War axe           |   103 |   166 |   261 |   368 ||   898
       Headbutt          |    12 |    35 |    59 |    89 ||   195
Invok: Finesse           |       |       |       |     1 ||     1
  Use: Scroll            |       |       |       |     9 ||     9
  Eat: Chunk             |     1 |     8 |    12 |    10 ||    31
       Ration            |       |       |     1 |     2 ||     3
Armor: Scale mail        |    56 |    19 |       |       ||    75
       Chain mail        |       |    68 |    29 |       ||    97
       Plate armour      |       |       |    70 |   198 ||   268
Dodge: Dodged            |    33 |    29 |    45 |    51 ||   158
Block: Shield            |    62 |    96 |   114 |   185 ||   457
